 Dungeon Crawl Stone Soup version 0.23.0 (webtiles) character file.

Game seed: 14404964953116954497

63 Monsterracer the Skirmisher (level 4, -1/34 HPs)
             Began as a Formicid Chaos Knight on Feb 11, 2019.
             Was a Plaything of Xom.
             Killed from afar by Terence (10 damage)
             ... with a wand of flame (1)
             ... on level 2 of the Dungeon.
             The game lasted 00:02:06 (1602 turns).

Monsterracer the Skirmisher (Formicid Chaos Knight) Turns: 1602, Time: 00:02:07

Health: -1/34      AC:  5    Str: 17    XL:     4   Next: 31%
Magic:  4/4        EV: 11    Int: 10    God:    Xom [..*...]
Gold:   88         SH:  0    Dex: 10    Spells: 3/3 levels left

rFire    . . .     SeeInvis +   a - +0 quarterstaff
rCold    . . .     Gourm    .   (no shield)
rNeg     . . .     Faith    .   b - +2 leather armour
rPois    .         Spirit   .   (helmet unavailable)
rElec    .         Reflect  .   (no cloak)
rCorr    .         Harm     .   (no gloves)
MR       .....                  (no boots)
Stlth    +.........             (no amulet)
HPRegen  0.11/turn              (no ring)
MPRegen  0.09/turn              (no ring)

@: no status effects
A: permanent stasis, dig shafts and tunnels, four strong arms, antennae 3, dopey
1, frail 1
a: Dig, Shaft Self, Renounce Religion


You were on level 2 of the Dungeon.
You worshipped Xom.
You were a toy of Xom.
You were not hungry.

You visited 1 branch of the dungeon, and saw 2 of its levels.

You collected 88 gold pieces.

Inventory:

Hand Weapons
 a - a +0 quarterstaff (weapon)
Armour
 b - a +2 leather armour (worn)
Scrolls
 f - a scroll of enchant armour {unknown}
Potions
 d - a potion of ambrosia {unknown}
 e - 2 potions of lignification {unknown}
Comestibles
 c - 4 rations
 g - 4 chunks of flesh


   Skills:
 + Level 4.4 Fighting
   Level 3.3(3.6) Maces & Flails
 * Level 1.9(2.9) Staves
 - Level 2.1 Armour
 - Level 0.8 Dodging


You had 3 spell levels left.
You didn't know any spells.
Your spell library was empty.

Dungeon Overview and Level Annotations

Branches:
Dungeon (2/15)

Altars:
Xom

Annotations:
D:2 Terence


Innate Abilities, Weirdness & Mutations

You cannot be hasted, slowed, berserked, paralysed or teleported.
You can dig through walls and to a lower floor.
Your four strong arms can wield two-handed weapons with a shield.
You have a pair of large antennae on your head. (SInv)
You are dopey. (Int -2)
You are frail. (-10% HP)


Message History

You thump the goblin!
You kill the goblin!
The frilled lizard bites you but does no damage.
You miss the frilled lizard. The frilled lizard bites you.
You take 2 damage, and have 25/34 hp.
You sock the frilled lizard!
You kill the frilled lizard!
No target in view!
Found 5 large rocks.
You see here a frilled lizard corpse.
Things that are here:
a +0 dagger; a goblin corpse You butcher the goblin corpse.
g - 4 chunks of flesh (gained 3)
Things that are here:
a +0 dagger; a goblin skeleton Key pressed, stopping explore.
You now have 61 gold pieces (gained 12).
Found a stone staircase leading down.
Health restored: 34 No target in view!
You sense a monster nearby.
No target in view!
A giant cockroach comes into view.
Found 4 javelins.
The giant cockroach completely misses you.
A giant cockroach is nearby!
You barely miss the giant cockroach.
The giant cockroach barely misses you. x2
You barely miss the giant cockroach.
The giant cockroach bites you but does no damage.
A giant cockroach is nearby!
You hit the giant cockroach but do no damage.
The giant cockroach closely misses you.
You closely miss the giant cockroach. The giant cockroach bites you.
The giant cockroach misses you.
You take 1 damage, and have 33/34 hp.
A giant cockroach is nearby!
You sock the giant cockroach!
You kill the giant cockroach!
You almost hear Xom's maniacal laughter.
Nothing appears to happen...
Ominous!
No target in view!
Key pressed, stopping explore.
No target in view!
Health restored: 34 You open the door.
Found a stone staircase leading down.
There is an open door here.
Found a hunting sling.
Found an escape hatch in the floor.
No target in view!
No target in view!
Unknown command.
You now have 79 gold pieces (gained 18).
You now have 88 gold pieces (gained 9).
You open the door.
There is an open door here.
Terence the Incautious comes into view.
He is wielding a +0 hand axe and carrying a wand of flame (6).
Terence zaps a wand.
The puff of flame hits you.
You take 3 damage, and have 31/34 hp.
Terence is nearby!
Terence is nearby!
You start resting.
Terence is too close now for your liking.
You start resting.
Terence is too close now for your liking.
You hit Terence but do no damage.
Terence hits you with a cursed +0 hand axe.
You take 2 damage, and have 30/34 hp.
You hit Terence.
Terence is moderately wounded.
Terence zaps a wand.
The puff of flame hits you.
You take 5 damage, and have 25/34 hp.
You hit Terence.
Terence is moderately wounded.
Terence closely misses you. Terence barely misses you.
You hit Terence but do no damage.
Terence is moderately wounded.
Terence completely misses you.
You closely miss Terence.
Terence is moderately wounded.
Terence hits you with a cursed +0 hand axe.
You take 3 damage, and have 22/34 hp.
You barely miss Terence.
Terence is moderately wounded.
Terence zaps a wand.
The puff of flame hits you!
* * * LOW HITPOINT WARNING * * *
You take 9 damage, and have 13/34 hp.
MASSIVE DAMAGE!!
You barely miss Terence.
Terence is moderately wounded.
Terence zaps a wand.
The puff of flame misses you.
Unknown command.
You hit Terence.
Terence is heavily wounded.
Terence zaps a wand.
The puff of flame hits you.
* * * LOW HITPOINT WARNING * * *
You take 4 damage, and have 9/34 hp.
Unknown command.
There is an open door here.
Terence zaps a wand.
The puff of flame hits you!
You die...

#.#####.##
#.......# #######.#
#### ##'## ..#
##...## #.#
##.....## .##
#.###.......##
.....#.##........>#
#......@'@........+
##...#.##.........#
#..##.###.......##
.... ... ##..)>.##
###. .### ##...## #
#. ##+## . ..


You could see Terence.

Vanquished Creatures
  3 adders (D:2)
  A dart slug (D:1)
  2 bats
  3 giant cockroaches
  2 goblins
  3 hobgoblins (D:1)
  4 jackals (D:2)
  6 kobolds
  A quokka (D:2)
  A frilled lizard (D:2)
  4 rats
30 creatures vanquished.

Notes
Turn   | Place    | Note
-------+----------+-------------------------------------------
     0 | D:1      | Monsterracer the Formicid Chaos Knight began the quest for
                  | the Orb.
     0 | D:1      | Reached XP level 1. HP: 18/18 MP: 1/1
    73 | D:1      | Reached XP level 2. HP: 16/24 MP: 2/2
   266 | D:1      | XOM: cloud trail
   492 | D:1      | Reached skill level 4 in Fighting
   614 | D:1      | XOM: scenery: create altars
   619 | D:1      | XOM is BORED!
   619 | D:1      | XOM: give mutations
   619 | D:1      | Gained mutation: You are frail. (-10% HP) [Xom's mischief]
   619 | D:1      | Gained mutation: You are dopey. (Int -2) [Xom's mischief]
  1127 | D:2      | Reached XP level 3. HP: 27/27 MP: 3/3
  1194 | D:2      | Reached skill level 1 in Staves
  1234 | D:2      | Reached XP level 4. HP: 33/33 MP: 4/4
  1423 | D:2      | XOM: noise
  1550 | D:2      | XOM: silly message
  1586 | D:2      | Noticed Terence
  1597 | D:2      | HP: 13/34 [Terence/wand of flame (4) (9)]
  1602 | D:2      | Killed from afar by Terence

Skill      XL: |  1  2  3 |
---------------+----------+-----
Fighting       | 4 |  4.4
Staves         | 1 |  1.9
Maces & Flails | |  3.3
Armour         | |  2.1
Dodging        | |  0.8

Action                   |  1- 3 |  4- 6 || total
-------------------------+-------+-------++-------
Melee: Mace              |    45 |       ||    45
       Quarterstaff      |    29 |    37 ||    66
  Eat: Chunk             |     1 |     1 ||     2
Armor: Leather armour    |    25 |    16 ||    41
Dodge: Dodged            |    45 |    44 ||    89

Levels and vault maps discovered:
D:1:      wheals_arrival_shading, layout_basic
D:2:      layout_loops_corners, nicolae_overflow_crystal_walls, first_ration,
          uniq_terence
